 Dungeon Crawl Stone Soup version 0.20-a0-700-gbd4582c (webtiles) character file.

473 Laan the Quickloader (level 6, -1/48 HPs)
             Began as a Centaur Hunter on Feb 20, 2017.
             Slain by a worm (6 damage)
             ... on level 4 of the Dungeon.
             The game lasted 00:06:00 (4156 turns).

Laan the Quickloader (Centaur Hunter)               Turns: 4156, Time: 00:06:00

Health: -1/48      AC:  4    Str: 17    XL:     6   Next: 83%
Magic:  6/6        EV:  9    Int: 10    God:
Gold:   103        SH:  0    Dex:  9    Spells: 5/5 levels left

rFire    . . .     SeeInvis .   b - +1 mace (drain)
rCold    . . .     Gourm    .   c - +0 leather armour
rNeg     . . .     Faith    .   (no shield)
rPois    .         Spirit   .   (no helmet)
rElec    .         Reflect  .   (no cloak)
rCorr    +         Harm     .   (no gloves)
MR       .....                  (no barding)
Stlth    +.........             (no amulet)
Regen    0.2/turn               (no ring)
MPRegen  0.1/turn               w - ring of resist corrosion

@: very quick
A: hooves 3, deformed body, speed 2, tough skin 3
a: no special abilities


You were on level 4 of the Dungeon.
You were not hungry.

You visited 1 branch of the dungeon, and saw 4 of its levels.
You also visited: Sewer.

You collected 103 gold pieces.

Inventory:

Hand Weapons
 a - a +1 hand crossbow
 b - a +1 mace of draining (weapon)
 h - a +0 short sword
Missiles
 d - 6 bolts
Armour
 c - a +0 leather armour (worn)
Jewellery
 w - a ring of resist corrosion (left hand)
Wands
 t - a wand of confusion (31/48)
Scrolls
 e - a scroll of identify {unknown}
 i - 3 scrolls of amnesia {unknown}
 j - a scroll of fear {unknown}
 l - a scroll of remove curse {unknown}
 m - 2 scrolls of teleportation {unknown}
 o - a scroll of enchant weapon {unknown}
 r - a scroll of magic mapping {unknown}
 u - a scroll of fog {unknown}
Potions
 n - a potion of magic {unknown}
 s - a potion of lignification {unknown}
 v - a potion of flight {unknown}
Comestibles
 f - 3 bread rations
 g - 2 fruits
 k - a chunk of flesh
 p - 2 royal jellies


   Skills:
 - Level 2.0 Fighting
 + Level 9.1 Crossbows
 - Level 1.3 Dodging
 - Level 0.4 Stealth


You had 5 spell levels left.
You didn't know any spells.

Dungeon Overview and Level Annotations

Branches:
Dungeon (4/15)
 Temple: D:4-7

Altars:
Elyvilon


Innate Abilities, Weirdness & Mutations

You have hooves in place of feet.
Armour fits poorly on your strangely shaped body.
You cover ground very quickly.
You have extremely tough skin. (AC +3)


Message History

Aim: a worm (lightly wounded)
You shoot a bolt. The bolt hits the worm.
The worm is moderately wounded.
You sense an unholy aura.
b - a +1 mace of draining (weapon)
You hit the worm. You drain the worm! You kick the worm.
The worm is heavily wounded.
The worm bites you!
* * * LOW HITPOINT WARNING * * *
You hit the worm.
The worm is severely wounded.
The worm bites you but does no damage.
You hit the worm.
The worm is almost dead.
The worm bites you.
* * * LOW HITPOINT WARNING * * *
You hit the worm.
The worm is almost dead.
The worm bites you.
You die...

...<.#.......#########......##.#.
[.....................)....#...#.
.....###.####..#.#.#.......#.#.#.
.###.#≈###≈≈##'..#.#......<#.###.
.# #.#≈'≈≈≈≈≈≈#..#.#####.###.....
.# #.#.'≈≈≈≈≈≈#.##.....### ######
## #.#≈###≈≈##'[######.# # ##
#.###.####...#..(.#.########## .#
#..........#.@...(#.#.........
.#####..).#####.w....#.##########
.##....#### #.(....#.### ###....#
#(.##..#...# ##### #....#
######(.###.#...# #.... #....#
#..(....#####...# #.### ###....#
#.#.#....).(##'## #.# .......#
#....(.(.##.##.#####.# .......#
#.#.#.....#.##.......#


You could see a worm.

Vanquished Creatures
  A scorpion (D:4)
  A howler monkey (D:4)
  An orc wizard (D:4)
  An orc priest (D:4)
  3 iguanas (D:4)
  3 worker ants (D:4)
  Robin (D:4)
  4 adders
  An ooze (D:2)
  2 adder skeletons (D:4)
  2 worms
  2 dart slugs (D:1)
  5 leopard geckos
  7 orcs (D:4)
  7 bats
  4 giant cockroaches
  10 goblins
  12 hobgoblins
  6 jackals
  3 quokkas
  6 ball pythons
  8 frilled lizards
  8 kobolds
  8 rats
106 creatures vanquished.

Notes
Turn   | Place    | Note
-------+----------+-------------------------------------------
     0 | D:1      | Laan the Centaur Hunter began the quest for the Orb.
     0 | D:1      | Reached XP level 1. HP: 17/17 MP: 1/1
   150 | D:1      | Reached XP level 2. HP: 24/24 MP: 2/2
   173 | D:1      | Reached skill level 5 in Crossbows
   651 | D:2      | Reached XP level 3. HP: 29/29 MP: 3/3
  1063 | D:2      | Reached skill level 6 in Crossbows
  1470 | D:3      | Found a white marble altar of Elyvilon.
  1514 | D:3      | Reached XP level 4. HP: 36/36 MP: 4/4
  2148 | D:4      | Reached skill level 7 in Crossbows
  2148 | D:4      | Reached XP level 5. HP: 32/41 MP: 5/5
  2509 | D:4      | Found a glowing drain.
  2513 | Sewer    | Entered a sewer
  2928 | Sewer    | Reached skill level 8 in Crossbows
  3021 | Sewer    | Reached XP level 6. HP: 48/48 MP: 6/6
  3763 | D:4      | Noticed Robin
  3784 | D:4      | Killed Robin
  4074 | D:4      | HP: 2/48 [iguana (2)]
  4080 | D:4      | Reached skill level 9 in Crossbows
  4156 | D:4      | Slain by a worm

Vault maps used:
D:1:      minmay_arrival_five_plusses
D:3:      lemuel_tele_altar
D:4:      serial_co_window_serial, co_window_paths_a, co_window_corner_a,
          co_window_corner_a, co_window_paths_b, co_window_corner_a,
          co_window_paths_a, co_window_of_opportunity_a, co_window_cross_3,
          co_window_of_opportunity_c, co_window_broadway_c, co_window_4corner_b,
          co_window_sun, glass_columns_b, glass_columns_b, gup_sewer_entry_bowl,
          glass_columns_a, st_stairs_4, uniq_robin
Sewer:    sewer_co_scattered_pipes

Skill      XL: |  1  2  3  4  5  6 |
---------------+-------------------+-----
Crossbows      | 5 6 7 8 9 |  9.1
Fighting       | |  2.0
Dodging        | |  1.3
Stealth        | |  0.4

Action                   |  1- 3 |  4- 6 || total
-------------------------+-------+-------++-------
Melee: Mace              |    24 |   154 ||   178
       Kick              |     3 |    24 ||    27
 Fire: Hand crossbow     |    68 |    33 ||   101
  Use: Potion            |       |     4 ||     4
  Eat: Chunk             |       |     8 ||     8
Armor: Leather armour    |    20 |    52 ||    72
Dodge: Dodged            |    30 |    90 ||   120
